Blackdemons vs Carnivores
(R2)
Created - 20 janvier 2013 at 19:18
Goals
|
| Blackdemons |
1 |
4 |
2 |
7 |
| Carnivores |
2 |
0 |
0 |
2 |
|
Shots
|
| Blackdemons |
10 |
13 |
11 |
34 |
| Carnivores |
10 |
11 |
3 |
24 |
|
1st period
1. Carnivores , Jeff Friesen 14 (Richard Park, Andrew Ference) at 5:11
2. Carnivores , Jeff Friesen 15 (Matt Cullen) at 12:54
3. Blackdemons , Michael Peca 6 (Nathan Paetsch) at 19:21
Penalties :
Zack Hamill (MJM) for Tripping (Minor) at 7:13, Todd Fedoruk (MJM) for Slashing (Minor) at 15:19, Matt Cullen (Bre) for Holding (Minor) at 15:22
2nd period
4. Blackdemons , James Neal 10 (Michael Peca) at 0:06
5. Blackdemons , Ladislav Smid 2 (Steve Konowalchuk, Enver Lisin) at 1:15
6. Blackdemons , Nathan Paetsch 2 (Todd Fedoruk, Ladislav Smid) at 7:17
7. Blackdemons , Trevor Letowski 9 (Zack Hamill, Curtis Brown) at 19:47
Penalties :
Trevor Letowski (MJM) for Hooking (Minor) at 10:26, Keith Aulie (Bre) for Tripping (Minor) at 15:09, Keith Aulie (Bre) for Roughing (Minor) at 17:26, Trevor Letowski (MJM) for Roughing (Minor) at 17:26
3rd period
8. Blackdemons , Todd Fedoruk 7 (Mathieu Biron) at 7:04
9. Blackdemons , James Neal 11 (Michael Peca) at 7:37
Penalties :
Karl Alzner (MJM) for Hooking (Minor) at 1:21, Sam Gagner (MJM) for Hooking (Minor) at 4:04, Cal O'Reilly (Bre) for Interference (Minor) at 8:31, Janne Niinimaa (Bre) for Cross-checking (Minor) at 11:29
Goalie Stats
Michal Neuvirth (MJM), 22 saves from 24 shots - (0,917), W, 9-6-1, 60:00 minutes
Steve Mason (Bre), 17 saves from 20 shots - (0,850), 32:43 minutes
Josh Tordjman (Bre), 10 saves from 14 shots - (0,714), L, 14-8-1, 27:17 minutes
Players Stats for Blackdemons
Player Name G A P +/- PIM S H SB GA TA FO MP PP MP PK MP
------------------------------------------------------------------------------------
Curtis Brown 0 1 1 3 0 3 1 0 1 0 2/3 18:19 0:03 2:18
Enver Lisin 0 1 1 1 0 2 0 0 1 0 1/1 12:30 2:49 0:00
Jakub Kindl 0 0 0 -1 0 0 1 1 0 0 0/0 15:28 0:00 0:00
James Neal 2 0 2 2 0 5 0 0 0 0 0/0 18:38 3:08 1:01
Karl Alzner 0 0 0 4 2 2 2 0 0 0 0/0 16:15 2:55 0:00
Ladislav Smid 1 1 2 2 0 1 2 0 0 2 0/0 20:23 0:03 4:49
Mathieu Biron 0 1 1 1 0 0 2 0 0 1 0/0 21:30 3:02 4:49
Matt Moulson 0 0 0 -1 0 3 1 0 1 0 1/1 18:05 2:52 1:22
Maxime Macenauer 0 0 0 2 0 0 1 0 0 0 2/3 7:49 0:00 0:00
Michael Peca 1 2 3 2 0 2 2 0 4 1 23/30 18:56 0:00 4:22
Nathan Paetsch 1 1 2 5 0 2 2 0 0 3 0/0 23:02 2:58 3:10
Radoslav Suchy 0 0 0 -1 0 1 2 2 0 0 0/0 23:21 3:02 3:10
Sam Gagner 0 0 0 -1 2 1 0 0 1 0 4/12 14:53 2:49 0:13
Steve Konowalchuk 0 1 1 1 0 1 2 0 1 0 0/0 11:13 0:00 2:18
Todd Fedoruk 1 1 2 2 2 4 3 0 0 0 0/0 10:59 3:11 0:00
Tomas Kopecky 0 0 0 -1 0 3 0 0 0 0 0/1 16:08 0:00 4:24
Trevor Letowski 1 0 1 3 4 3 2 1 0 0 1/1 6:47 0:00 0:00
Zack Hamill 0 1 1 2 2 1 0 0 0 0 5/12 13:44 3:08 0:00
Players Stats for Carnivores
Player Name G A P +/- PIM S H SB GA TA FO MP PP MP PK MP
------------------------------------------------------------------------------------
Andrew Ference 0 1 1 0 0 1 1 1 1 1 0/0 25:18 3:17 1:48
Andy Miele 0 0 0 -1 0 3 0 0 1 2 2/2 12:55 0:00 0:00
Blake Geoffrion 0 0 0 -1 0 3 0 0 0 0 0/0 11:29 0:00 0:00
Brandon Yip 0 0 0 -2 0 1 1 2 0 2 0/1 16:32 3:58 0:16
Cal O'Reilly 0 0 0 0 2 0 0 0 0 0 0/0 6:49 0:00 0:19
David Van Der Gulik 0 0 0 0 0 0 0 0 0 0 1/1 6:19 0:00 0:00
Evgeny Dadonov 0 0 0 0 0 0 0 0 0 0 0/0 0:00 0:00 0:00
Janne Niinimaa 0 0 0 -6 2 3 3 0 1 1 0/0 31:04 4:42 2:28
Jeff Friesen 2 0 2 -1 0 4 5 1 1 1 2/3 21:10 4:01 2:05
Jeff Halpern 0 0 0 -2 0 2 3 0 0 0 1/9 16:06 3:58 0:00
Jeff Tambellini 0 0 0 -2 0 1 3 0 1 0 0/0 18:16 3:58 1:26
Josef Melichar 0 0 0 0 0 1 1 0 0 2 0/0 24:49 3:17 3:01
Keith Aulie 0 0 0 -2 4 0 3 0 0 0 0/0 10:06 0:00 0:31
Kyle Wilson 0 0 0 0 0 0 0 0 0 0 0/0 0:00 0:00 0:00
Manny Malhotra 0 0 0 -1 0 0 1 0 0 0 2/7 13:25 0:00 1:14
Matt Cullen 0 1 1 -2 2 1 3 0 0 0 16/38 25:05 4:00 3:28
Mikael Backlund 0 0 0 0 0 0 0 0 0 0 0/0 0:00 0:00 0:00
Richard Park 0 1 1 -2 0 2 3 0 1 0 1/3 22:21 4:01 3:28
Ryan Mcdonagh 0 0 0 -3 0 2 3 1 1 0 0/0 28:16 4:42 3:56
Tim Conboy 0 0 0 0 0 0 0 0 0 0 0/0 0:00 0:00 0:00
3 Stars
1 - Nathan Paetsch (MJM)
2 - Michael Peca (MJM)
3 - James Neal (MJM)
Power Play
Blackdemons - 0 on 4 Attempt(s) - 0,00%
Carnivores - 0 on 5 Attempt(s) - 0,00%
Penalty Kill
Blackdemons - 5 on 5 Attempt(s) - 100,00%
- Score 0 goal in Penalty Kill
Carnivores - 4 on 4 Attempt(s) - 100,00%
- Score 0 goal in Penalty Kill
Official
Referees : Peel Tim and Devorski Paul
Linesman : Mark Wheler and Derek Amell
Game Notes
Steve Mason enters game at 7:17 of 2nd period
Trevor Letowski is injured at 11:23 of 3rd period (Left Hand)
Blackdemons
5 vs 5 Forward
Center Left Wing Right Wing Time % Phy DF OF
1 Michael Peca James Neal Curtis Brown 34 1 2 2
2 Sam Gagner Matt Moulson Tomas Kopecky 30 1 2 2
3 Zack Hamill Steve Konowalchuk Enver Lisin 20 0 3 2
4 Maxime Macenauer Todd Fedoruk Trevor Letowski 16 0 3 2
5 vs 5 Defense
Defense Defense Time % Phy DF OF
1 Radoslav Suchy Jakub Kindl 38 1 3 1
2 Karl Alzner Nathan Paetsch 34 0 4 1
3 Ladislav Smid Mathieu Biron 28 1 3 1
4 Ladislav Smid Mathieu Biron 0 0 5 0
PowerPlay Forward
Center Left Wing Right Wing Time % Phy DF OF
1 Zack Hamill James Neal Todd Fedoruk 60 1 2 2
2 Sam Gagner Matt Moulson Enver Lisin 40 1 2 2
PowerPlay Defense
Defense Defense Time % Phy DF OF
1 Radoslav Suchy Mathieu Biron 60 0 2 3
2 Karl Alzner Nathan Paetsch 40 0 2 3
Penalty Kill 4 Players Forward
Center Wing Time % Phy DF OF
1 Michael Peca Tomas Kopecky 60 2 3 0
2 Curtis Brown Steve Konowalchuk 40 1 4 0
Penalty Kill 4 Players Defense
Defense Defense Time % Phy DF OF
1 Ladislav Smid Mathieu Biron 60 1 4 0
2 Radoslav Suchy Nathan Paetsch 40 1 4 0
Penalty Kill - 3 Players Forward
Forward Time % Phy DF OF
1 Michael Peca 60 0 5 0
2 Curtis Brown 40 0 5 0
Penalty Kill - 3 Players Defense
Defense Defense Time % Phy DF OF
1 Ladislav Smid Mathieu Biron 60 1 4 0
2 Radoslav Suchy Nathan Paetsch 40 0 5 0
4 vs 4 Forward
Center Wing Time % Phy DF OF
1 Curtis Brown Matt Moulson 60 1 2 2
2 Michael Peca James Neal 40 1 2 2
4 vs 4 Defense
Defense Defense Time % Phy DF OF
1 Ladislav Smid Nathan Paetsch 60 1 3 1
2 Radoslav Suchy Mathieu Biron 40 1 3 1
Last Minutes Offensive
Center Left Wing Right Wing Defense Defense
Curtis Brown Matt Moulson Enver Lisin Radoslav Suchy Nathan Paetsch
Last Minutes Defensive
Center Left Wing Right Wing Defense Defense
Michael Peca Matt Moulson Tomas Kopecky Ladislav Smid Radoslav Suchy
Goaltenders
Starting : Michal Neuvirth
Backup : Jason LaBarbera
Extra Forwards
Normal : Zack Hamill, Enver Lisin, Sam Gagner - PP : Todd Fedoruk, Tomas Kopecky - PK : Matt Moulson
Extra Defensemen
Normal : Jakub Kindl, Karl Alzner, Nathan Paetsch - PP : Jakub Kindl - PK : Jakub Kindl, Karl Alzner
Penalty Shots
James Neal, Enver Lisin, Matt Moulson, Michael Peca, Todd Fedoruk
Carnivores
5 vs 5 Forward
Center Left Wing Right Wing Time % Phy DF OF
1 Matt Cullen Jeff Friesen Richard Park 40 1 2 2
2 Jeff Halpern Jeff Tambellini Brandon Yip 30 1 2 2
3 Manny Malhotra Blake Geoffrion Andy Miele 20 1 2 2
4 Cal O'Reilly Matt Cullen David Van Der Gulik 10 1 2 2
5 vs 5 Defense
Defense Defense Time % Phy DF OF
1 Janne Niinimaa Ryan Mcdonagh 40 1 2 2
2 Andrew Ference Josef Melichar 30 1 2 2
3 Keith Aulie Janne Niinimaa 20 1 2 2
4 Ryan Mcdonagh Andrew Ference 10 1 2 2
PowerPlay Forward
Center Left Wing Right Wing Time % Phy DF OF
1 Matt Cullen Jeff Friesen Richard Park 60 1 2 2
2 Jeff Halpern Jeff Tambellini Brandon Yip 40 1 2 2
PowerPlay Defense
Defense Defense Time % Phy DF OF
1 Janne Niinimaa Ryan Mcdonagh 60 1 2 2
2 Andrew Ference Josef Melichar 40 1 2 2
Penalty Kill 4 Players Forward
Center Wing Time % Phy DF OF
1 Matt Cullen Richard Park 60 1 2 2
2 Jeff Friesen Jeff Tambellini 40 1 2 2
Penalty Kill 4 Players Defense
Defense Defense Time % Phy DF OF
1 Janne Niinimaa Ryan Mcdonagh 60 1 2 2
2 Andrew Ference Josef Melichar 40 1 2 2
Penalty Kill - 3 Players Forward
Forward Time % Phy DF OF
1 Matt Cullen 60 1 2 2
2 Richard Park 40 1 2 2
Penalty Kill - 3 Players Defense
Defense Defense Time % Phy DF OF
1 Janne Niinimaa Ryan Mcdonagh 60 1 2 2
2 Andrew Ference Josef Melichar 40 1 2 2
4 vs 4 Forward
Center Wing Time % Phy DF OF
1 Matt Cullen Richard Park 60 1 2 2
2 Jeff Friesen Jeff Tambellini 40 1 2 2
4 vs 4 Defense
Defense Defense Time % Phy DF OF
1 Janne Niinimaa Ryan Mcdonagh 60 1 2 2
2 Andrew Ference Josef Melichar 40 1 2 2
Last Minutes Offensive
Center Left Wing Right Wing Defense Defense
Matt Cullen Jeff Friesen Richard Park Janne Niinimaa Ryan Mcdonagh
Last Minutes Defensive
Center Left Wing Right Wing Defense Defense
Matt Cullen Jeff Friesen Richard Park Janne Niinimaa Ryan Mcdonagh
Goaltenders
Starting : Josh Tordjman
Backup : Steve Mason
Extra Forwards
Normal : Andy Miele, David Van Der Gulik, Manny Malhotra - PP : Andy Miele, David Van Der Gulik - PK : Manny Malhotra
Extra Defensemen
Normal : Keith Aulie, Josef Melichar, Janne Niinimaa - PP : Keith Aulie - PK : Josef Melichar, Janne Niinimaa
Penalty Shots
Matt Cullen, Richard Park, Jeff Friesen, Jeff Tambellini, Jeff Halpern
% Time on Ice - Blackdemons
Lines # - Real PCT - Wanted PCT - Time Play
Normal Forward
1 - 33% - 34% - 13:55
2 - 28% - 30% - 11:46
3 - 20% - 20% - 8:36
4 - 19% - 16% - 7:49
Normal Defense
1 - 39% - 38% - 16:35
2 - 32% - 34% - 13:27
3 - 29% - 28% - 12:04
4 - 0% - 0% - 0:00
PP Forward
1 - 53% - 60% - 3:11
2 - 47% - 40% - 2:49
PP Defense
1 - 51% - 60% - 3:05
2 - 49% - 40% - 2:55
PK Forward
1 - 71% - 60% - 5:41
2 - 29% - 40% - 2:18
PK Defense
1 - 60% - 60% - 4:49
2 - 40% - 40% - 3:10
PK3 Forward
1 - 0% - 60%
2 - 0% - 40%
PK3 Defense
1 - 0% - 60%
2 - 0% - 40%
44 Forward
1 - 69% - 60% - 2:42
2 - 31% - 40% - 1:13
44 Defense
1 - 61% - 60% - 2:24
2 - 39% - 40% - 1:31
Last Minute Offensive - 0:00
Last Minute Defensive - 0:00
Total
Forward - 60:00
Defense - 60:00
|
% Time on Ice - Carnivores
Lines # - Real PCT - Wanted PCT - Time Play
Normal Forward
1 - 32% - 40% - 13:26
2 - 29% - 30% - 12:04
3 - 27% - 20% - 11:29
4 - 12% - 10% - 5:07
Normal Defense
1 - 37% - 40% - 15:36
2 - 39% - 30% - 16:36
3 - 20% - 20% - 8:28
4 - 3% - 10% - 1:26
PP Forward
1 - 50% - 60% - 4:01
2 - 50% - 40% - 3:58
PP Defense
1 - 59% - 60% - 4:42
2 - 41% - 40% - 3:17
PK Forward
1 - 84% - 60% - 5:01
2 - 16% - 40% - 0:59
PK Defense
1 - 79% - 60% - 4:43
2 - 21% - 40% - 1:17
PK3 Forward
1 - 0% - 60%
2 - 0% - 40%
PK3 Defense
1 - 0% - 60%
2 - 0% - 40%
44 Forward
1 - 85% - 60% - 3:19
2 - 15% - 40% - 0:36
44 Defense
1 - 58% - 60% - 2:17
2 - 42% - 40% - 1:38
Last Minute Offensive - 0:00
Last Minute Defensive - 0:00
Total
Forward - 60:00
Defense - 60:00
|
Play by Play
1st period
0:01 of 1st period - Matt Cullen wins face-off versus Michael Peca in neutral zone.
0:16 of 1st period - Wrist shot by Jeff Friesen.
0:16 of 1st period - Stopped by Michal Neuvirth with a rebound.
0:26 of 1st period - Jeff Tambellini is hit by Radoslav Suchy and loses puck.
0:53 of 1st period - Slapshot by Enver Lisin.
0:53 of 1st period - Shot Misses the Net.
0:55 of 1st period - Snap shot by Enver Lisin.
0:55 of 1st period - Shot Misses the Net.
1:30 of 1st period - Ladislav Smid is hit by Jeff Tambellini and loses puck.
1:35 of 1st period - Snap shot by Jeff Tambellini.
1:35 of 1st period - Stopped by Michal Neuvirth with a rebound.
1:37 of 1st period - Snap shot by Ryan Mcdonagh.
1:37 of 1st period - Stopped by Michal Neuvirth without a rebound.
1:38 of 1st period - Sam Gagner wins face-off versus Matt Cullen in Blackdemons zone.
1:38 of 1st period - Sam Gagner is hit by Matt Cullen.
1:44 of 1st period - Ladislav Smid is hit by Jeff Friesen and loses puck.
2:23 of 1st period - Wrist shot by James Neal.
2:23 of 1st period - Shot Hit the Post.
2:25 of 1st period - Snap shot by James Neal.
2:25 of 1st period - Shot Misses the Net.
2:31 of 1st period - Snap shot by Curtis Brown.
2:31 of 1st period - Shot Misses the Net.
2:33 of 1st period - Slapshot by Mathieu Biron.
2:33 of 1st period - Shot Misses the Net.
3:06 of 1st period - Sam Gagner is hit by Jeff Halpern and loses puck.
3:21 of 1st period - Wrist shot by Enver Lisin.
3:21 of 1st period - Deflect By Steve Konowalchuk.
3:21 of 1st period - Shot Misses the Net.
3:21 of 1st period - Puck is out of play.
3:22 of 1st period - Zack Hamill wins face-off versus Manny Malhotra in Carnivores zone.
3:27 of 1st period - Enver Lisin is hit by Manny Malhotra and loses puck.
4:26 of 1st period - Maxime Macenauer is hit by Ryan Mcdonagh and loses puck.
4:37 of 1st period - Snap shot by Trevor Letowski.
4:37 of 1st period - Stopped by Josh Tordjman with a rebound.
4:52 of 1st period - Ladislav Smid is hit by Janne Niinimaa and loses puck.
5:09 of 1st period - Snap shot by Richard Park.
5:09 of 1st period - Shot Misses the Net.
5:11 of 1st period - Wrist shot by Jeff Friesen.
5:11 of 1st period - Goal by Jeff Friesen - Blackdemons : 0 - Carnivores : 1.
5:12 of 1st period - Michael Peca wins face-off versus Matt Cullen in neutral zone.
5:14 of 1st period - Off-side.
5:15 of 1st period - Michael Peca wins face-off versus Matt Cullen in neutral zone.
6:43 of 1st period - Slapshot by Janne Niinimaa.
6:43 of 1st period - Stopped by Michal Neuvirth without a rebound.
6:44 of 1st period - Zack Hamill wins face-off versus Manny Malhotra in Blackdemons zone.
6:44 of 1st period - Zack Hamill is hit by Keith Aulie.
7:13 of 1st period - Minor Penalty to Zack Hamill for Tripping.
7:14 of 1st period - Michael Peca wins face-off versus Matt Cullen in Blackdemons zone.
8:07 of 1st period - Michael Peca is hit by Matt Cullen and loses puck.
8:47 of 1st period - Ryan Mcdonagh is hit by Steve Konowalchuk and loses puck.
9:13 of 1st period - Penalty to Zack Hamill is over, Zack Hamill is back on ice.
9:28 of 1st period - Josef Melichar is hit by Trevor Letowski.
10:13 of 1st period - Michael Peca is hit by Jeff Friesen.
11:00 of 1st period - Wrist shot by Todd Fedoruk.
11:00 of 1st period - Stopped by Josh Tordjman without a rebound.
11:01 of 1st period - Trevor Letowski wins face-off versus Jeff Halpern in Carnivores zone.
11:16 of 1st period - Wrist shot by Trevor Letowski.
11:16 of 1st period - Shot Misses the Net.
11:18 of 1st period - Slapshot by Todd Fedoruk.
11:18 of 1st period - Stopped by Josh Tordjman without a rebound.
11:19 of 1st period - Sam Gagner wins face-off versus Matt Cullen in Carnivores zone.
12:05 of 1st period - Slapshot by Steve Konowalchuk.
12:05 of 1st period - Deflect By Enver Lisin.
12:05 of 1st period - Stopped by Josh Tordjman with a rebound.
12:07 of 1st period - Wrist shot by Steve Konowalchuk.
12:07 of 1st period - Stopped by Josh Tordjman with a rebound.
12:11 of 1st period - Snap shot by Steve Konowalchuk.
12:11 of 1st period - Shot Misses the Net.
12:13 of 1st period - Slapshot by Radoslav Suchy.
12:13 of 1st period - Deflect By Enver Lisin.
12:13 of 1st period - Shot Misses the Net.
12:13 of 1st period - Puck is out of play.
12:14 of 1st period - Matt Cullen wins face-off versus Sam Gagner in Carnivores zone.
12:25 of 1st period - Karl Alzner is hit by Ryan Mcdonagh.
12:39 of 1st period - Michael Peca is hit by Jeff Halpern and loses puck.
12:52 of 1st period - Snap shot by Jeff Tambellini.
12:52 of 1st period - Deflect By Brandon Yip.
12:52 of 1st period - Shot Misses the Net.
12:52 of 1st period - Puck is out of play.
12:53 of 1st period - Matt Cullen wins face-off versus Sam Gagner in Blackdemons zone.
12:54 of 1st period - Wrist shot by Jeff Friesen.
12:54 of 1st period - Goal by Jeff Friesen - Blackdemons : 0 - Carnivores : 2.
12:55 of 1st period - Jeff Friesen wins face-off versus Sam Gagner in neutral zone.
13:47 of 1st period - Andrew Ference is hit by Maxime Macenauer and loses puck.
14:02 of 1st period - Radoslav Suchy is hit by Jeff Friesen and loses puck.
14:29 of 1st period - Snap shot by Jeff Halpern.
14:29 of 1st period - Stopped by Michal Neuvirth with a rebound.
14:59 of 1st period - Wrist shot by Todd Fedoruk.
14:59 of 1st period - Deflect By Janne Niinimaa.
14:59 of 1st period - Shot Misses the Net.
14:59 of 1st period - Puck is out of play.
15:00 of 1st period - Maxime Macenauer wins face-off versus Manny Malhotra in Carnivores zone.
15:17 of 1st period - Manny Malhotra is hit by Todd Fedoruk and loses puck.
15:19 of 1st period - Minor Penalty to Todd Fedoruk for Slashing.
15:20 of 1st period - Matt Cullen wins face-off versus Michael Peca in Blackdemons zone.
15:21 of 1st period - Slapshot by Richard Park.
15:21 of 1st period - Stopped by Michal Neuvirth without a rebound.
15:22 of 1st period - Michael Peca wins face-off versus Matt Cullen in Blackdemons zone.
15:22 of 1st period - Minor Penalty to Matt Cullen for Holding.
15:23 of 1st period - Andy Miele wins face-off versus Curtis Brown in Carnivores zone.
15:33 of 1st period - Snap shot by Matt Moulson.
15:33 of 1st period - Stopped by Josh Tordjman with a rebound.
17:19 of 1st period - Penalty to Todd Fedoruk is over, Todd Fedoruk is back on ice.
17:22 of 1st period - Penalty to Matt Cullen is over, Matt Cullen is back on ice.
17:33 of 1st period - Slapshot by Trevor Letowski.
17:33 of 1st period - Shot Misses the Net.
17:49 of 1st period - Snap shot by Matt Cullen.
17:49 of 1st period - Shot Misses the Net.
18:02 of 1st period - Slapshot by Janne Niinimaa.
18:02 of 1st period - Stopped by Michal Neuvirth without a rebound.
18:03 of 1st period - Sam Gagner wins face-off versus Jeff Halpern in Blackdemons zone.
18:20 of 1st period - Tomas Kopecky is hit by Jeff Halpern and loses puck.
18:31 of 1st period - Slapshot by Andrew Ference.
18:31 of 1st period - Deflect By Blake Geoffrion.
18:31 of 1st period - Stopped by Michal Neuvirth with a rebound.
18:33 of 1st period - Backhand shot by Josef Melichar.
18:33 of 1st period - Shot Blocked by Radoslav Suchy.
18:37 of 1st period - Wrist shot by Andy Miele.
18:37 of 1st period - Shot Blocked by Radoslav Suchy.
18:53 of 1st period - Snap shot by Tomas Kopecky.
18:53 of 1st period - Shot Misses the Net.
19:11 of 1st period - Snap shot by James Neal.
19:11 of 1st period - Stopped by Josh Tordjman without a rebound.
19:12 of 1st period - Michael Peca wins face-off versus Matt Cullen in Carnivores zone.
19:15 of 1st period - Wrist shot by Curtis Brown.
19:15 of 1st period - Stopped by Josh Tordjman with a rebound.
19:21 of 1st period - Snap shot by Michael Peca.
19:21 of 1st period - Goal by Michael Peca - Blackdemons : 1 - Carnivores : 2.
19:22 of 1st period - Michael Peca wins face-off versus Matt Cullen in neutral zone.
19:35 of 1st period - Snap shot by Curtis Brown.
19:35 of 1st period - Deflect By Michael Peca.
19:35 of 1st period - Shot Misses the Net.
19:35 of 1st period - Puck is out of play.
19:36 of 1st period - Michael Peca wins face-off versus Matt Cullen in Carnivores zone.
19:43 of 1st period - Snap shot by James Neal.
19:43 of 1st period - Stopped by Josh Tordjman with a rebound.
19:45 of 1st period - Wrist shot by Michael Peca.
19:45 of 1st period - Shot Misses the Net.
2nd period
0:01 of 2nd period - Michael Peca wins face-off versus Matt Cullen in neutral zone.
0:06 of 2nd period - Slapshot by James Neal.
0:06 of 2nd period - Goal by James Neal - Blackdemons : 2 - Carnivores : 2.
0:07 of 2nd period - Michael Peca wins face-off versus Matt Cullen in neutral zone.
0:16 of 2nd period - Slapshot by Janne Niinimaa.
0:16 of 2nd period - Stopped by Michal Neuvirth with a rebound.
0:18 of 2nd period - Snap shot by Jeff Friesen.
0:18 of 2nd period - Stopped by Michal Neuvirth without a rebound.
0:19 of 2nd period - Michael Peca wins face-off versus Matt Cullen in Blackdemons zone.
0:19 of 2nd period - Michael Peca is hit by Janne Niinimaa.
0:45 of 2nd period - Wrist shot by Jeff Halpern.
0:45 of 2nd period - Shot Misses the Net.
1:05 of 2nd period - Wrist shot by Blake Geoffrion.
1:05 of 2nd period - Stopped by Michal Neuvirth without a rebound.
1:06 of 2nd period - Zack Hamill wins face-off versus Manny Malhotra in Blackdemons zone.
1:13 of 2nd period - Snap shot by Steve Konowalchuk.
1:13 of 2nd period - Shot Misses the Net.
1:15 of 2nd period - Slapshot by Ladislav Smid.
1:15 of 2nd period - Goal by Ladislav Smid - Blackdemons : 3 - Carnivores : 2.
1:16 of 2nd period - Matt Cullen wins face-off versus Michael Peca in neutral zone.
1:18 of 2nd period - Off-side.
1:19 of 2nd period - Michael Peca wins face-off versus Matt Cullen in neutral zone.
2:08 of 2nd period - Snap shot by Jeff Tambellini.
2:08 of 2nd period - Shot Misses the Net.
2:10 of 2nd period - Wrist shot by Jeff Halpern.
2:10 of 2nd period - Stopped by Michal Neuvirth with a rebound.
2:14 of 2nd period - Snap shot by Jeff Tambellini.
2:14 of 2nd period - Shot Misses the Net.
2:16 of 2nd period - Slapshot by Andrew Ference.
2:16 of 2nd period - Deflect By Curtis Brown.
2:16 of 2nd period - Stopped by Michal Neuvirth without a rebound.
2:17 of 2nd period - Matt Cullen wins face-off versus Sam Gagner in Blackdemons zone.
2:30 of 2nd period - Wrist shot by Matt Cullen.
2:30 of 2nd period - Shot Misses the Net.
2:32 of 2nd period - Snap shot by Josef Melichar.
2:32 of 2nd period - Stopped by Michal Neuvirth without a rebound.
2:33 of 2nd period - Zack Hamill wins face-off versus Jeff Halpern in Blackdemons zone.
2:33 of 2nd period - Zack Hamill is hit by Ryan Mcdonagh.
3:28 of 2nd period - Snap shot by Andy Miele.
3:28 of 2nd period - Stopped by Michal Neuvirth with a rebound.
3:30 of 2nd period - Snap shot by Manny Malhotra.
3:30 of 2nd period - Deflect By Andy Miele.
3:30 of 2nd period - Shot Misses the Net.
3:30 of 2nd period - Puck is out of play.
3:31 of 2nd period - Michael Peca wins face-off versus Matt Cullen in Blackdemons zone.
4:02 of 2nd period - Ladislav Smid is hit by Andrew Ference and loses puck.
4:17 of 2nd period - Slapshot by Mathieu Biron.
4:17 of 2nd period - Shot Blocked by Andrew Ference.
4:59 of 2nd period - Slapshot by Curtis Brown.
4:59 of 2nd period - Stopped by Josh Tordjman with a rebound.
5:01 of 2nd period - Slapshot by Karl Alzner.
5:01 of 2nd period - Shot Blocked by Brandon Yip.
5:41 of 2nd period - Enver Lisin is hit by Matt Cullen.
5:53 of 2nd period - Jakub Kindl is hit by Richard Park and loses puck.
6:37 of 2nd period - Curtis Brown is hit by Josef Melichar and loses puck.
6:56 of 2nd period - Snap shot by Tomas Kopecky.
6:56 of 2nd period - Shot Misses the Net.
7:10 of 2nd period - Josef Melichar is hit by Trevor Letowski and loses puck.
7:17 of 2nd period - Slapshot by Nathan Paetsch.
7:17 of 2nd period - Deflect By Andrew Ference.
7:17 of 2nd period - Goal by Nathan Paetsch - Blackdemons : 4 - Carnivores : 2.
7:17 of 2nd period - Steve Mason enters game.
7:18 of 2nd period - Michael Peca wins face-off versus Jeff Halpern in neutral zone.
7:33 of 2nd period - Wrist shot by Brandon Yip.
7:33 of 2nd period - Stopped by Michal Neuvirth without a rebound.
7:34 of 2nd period - Matt Cullen wins face-off versus Sam Gagner in Blackdemons zone.
7:37 of 2nd period - Snap shot by Richard Park.
7:37 of 2nd period - Stopped by Michal Neuvirth with a rebound.
7:47 of 2nd period - Janne Niinimaa is hit by Nathan Paetsch and loses puck.
8:14 of 2nd period - Wrist shot by Tomas Kopecky.
8:14 of 2nd period - Shot Misses the Net.
8:16 of 2nd period - Wrist shot by Tomas Kopecky.
8:16 of 2nd period - Shot Misses the Net.
8:18 of 2nd period - Slapshot by Karl Alzner.
8:18 of 2nd period - Deflect By Andy Miele.
8:18 of 2nd period - Stopped by Steve Mason with a rebound.
8:20 of 2nd period - Snap shot by Karl Alzner.
8:20 of 2nd period - Stopped by Steve Mason with a rebound.
8:30 of 2nd period - Wrist shot by Tomas Kopecky.
8:30 of 2nd period - Stopped by Steve Mason with a rebound.
8:32 of 2nd period - Snap shot by Nathan Paetsch.
8:32 of 2nd period - Deflect By Tomas Kopecky.
8:32 of 2nd period - Shot Misses the Net.
8:32 of 2nd period - Puck is out of play.
8:33 of 2nd period - Michael Peca wins face-off versus Richard Park in Carnivores zone.
8:40 of 2nd period - Snap shot by Curtis Brown.
8:40 of 2nd period - Shot Misses the Net.
8:42 of 2nd period - Wrist shot by James Neal.
8:42 of 2nd period - Stopped by Steve Mason without a rebound.
8:43 of 2nd period - Richard Park wins face-off versus Michael Peca in Carnivores zone.
9:04 of 2nd period - Snap shot by Michael Peca.
9:04 of 2nd period - Shot Blocked by Ryan Mcdonagh.
9:06 of 2nd period - Snap shot by Radoslav Suchy.
9:06 of 2nd period - Shot Misses the Net.
9:08 of 2nd period - Wrist shot by Curtis Brown.
9:08 of 2nd period - Deflect By Janne Niinimaa.
9:08 of 2nd period - Stopped by Steve Mason with a rebound.
9:10 of 2nd period - Slapshot by Jakub Kindl.
9:10 of 2nd period - Deflect By James Neal.
9:10 of 2nd period - Shot Misses the Net.
9:10 of 2nd period - Puck is out of play.
9:11 of 2nd period - Zack Hamill wins face-off versus Brandon Yip in Carnivores zone.
9:26 of 2nd period - Andrew Ference is hit by Mathieu Biron and loses puck.
10:07 of 2nd period - Slapshot by Michael Peca.
10:07 of 2nd period - Shot Blocked by Jeff Friesen.
10:26 of 2nd period - Minor Penalty to Trevor Letowski for Hooking.
10:27 of 2nd period - Michael Peca wins face-off versus Matt Cullen in Blackdemons zone.
11:09 of 2nd period - Jeff Halpern is hit by Curtis Brown and loses puck.
11:22 of 2nd period - Slapshot by Janne Niinimaa.
11:22 of 2nd period - Shot Misses the Net.
11:24 of 2nd period - Slapshot by Ryan Mcdonagh.
11:24 of 2nd period - Stopped by Michal Neuvirth without a rebound.
11:25 of 2nd period - Michael Peca wins face-off versus Jeff Friesen in Blackdemons zone.
11:25 of 2nd period - Michael Peca is hit by Jeff Friesen.
12:26 of 2nd period - Penalty to Trevor Letowski is over, Trevor Letowski is back on ice.
12:41 of 2nd period - Snap shot by Steve Konowalchuk.
12:41 of 2nd period - Shot Misses the Net.
12:58 of 2nd period - Slapshot by Nathan Paetsch.
12:58 of 2nd period - Stopped by Steve Mason with a rebound.
13:00 of 2nd period - Snap shot by Trevor Letowski.
13:00 of 2nd period - Shot Misses the Net.
13:02 of 2nd period - Wrist shot by Karl Alzner.
13:02 of 2nd period - Shot Misses the Net.
13:30 of 2nd period - Ryan Mcdonagh is hit by Jakub Kindl and loses puck.
14:05 of 2nd period - Josef Melichar is hit by Ladislav Smid.
14:22 of 2nd period - Josef Melichar is hit by Nathan Paetsch and loses puck.
15:09 of 2nd period - Minor Penalty to Keith Aulie for Tripping.
15:10 of 2nd period - Matt Cullen wins face-off versus Zack Hamill in Carnivores zone.
15:10 of 2nd period - Matt Cullen is hit by Todd Fedoruk.
15:38 of 2nd period - Slapshot by Enver Lisin.
15:38 of 2nd period - Deflect By Matt Moulson.
15:38 of 2nd period - Stopped by Steve Mason with a rebound.
16:56 of 2nd period - Icing by Radoslav Suchy.
16:57 of 2nd period - Matt Cullen wins face-off versus Sam Gagner in Blackdemons zone.
17:09 of 2nd period - Penalty to Keith Aulie is over, Keith Aulie is back on ice.
17:25 of 2nd period - Wrist shot by Andy Miele.
17:25 of 2nd period - Deflect By Radoslav Suchy.
17:25 of 2nd period - Stopped by Michal Neuvirth without a rebound.
17:26 of 2nd period - Andy Miele wins face-off versus Maxime Macenauer in Blackdemons zone.
17:26 of 2nd period - Minor Penalty to Keith Aulie for Roughing.
17:26 of 2nd period - Minor Penalty to Trevor Letowski for Roughing.
17:27 of 2nd period - Curtis Brown wins face-off versus Matt Cullen in Blackdemons zone.
19:03 of 2nd period - Nathan Paetsch is hit by Jeff Friesen and loses puck.
19:26 of 2nd period - Penalty to Keith Aulie is over, Keith Aulie is back on ice.
19:26 of 2nd period - Penalty to Trevor Letowski is over, Trevor Letowski is back on ice.
19:41 of 2nd period - Wrist shot by Trevor Letowski.
19:41 of 2nd period - Stopped by Steve Mason with a rebound.
19:43 of 2nd period - Slapshot by Zack Hamill.
19:43 of 2nd period - Shot Misses the Net.
19:45 of 2nd period - Snap shot by Zack Hamill.
19:45 of 2nd period - Shot Misses the Net.
19:47 of 2nd period - Wrist shot by Trevor Letowski.
19:47 of 2nd period - Goal by Trevor Letowski - Blackdemons : 5 - Carnivores : 2.
19:48 of 2nd period - Matt Moulson wins face-off versus Jeff Halpern in neutral zone.
19:48 of 2nd period - Matt Moulson is hit by Jeff Tambellini.
3rd period
0:01 of 3rd period - Matt Cullen wins face-off versus Sam Gagner in neutral zone.
0:49 of 3rd period - Wrist shot by Andy Miele.
0:49 of 3rd period - Stopped by Michal Neuvirth without a rebound.
0:50 of 3rd period - Manny Malhotra wins face-off versus Zack Hamill in Blackdemons zone.
0:55 of 3rd period - Snap shot by Blake Geoffrion.
0:55 of 3rd period - Stopped by Michal Neuvirth with a rebound.
1:21 of 3rd period - Minor Penalty to Karl Alzner for Hooking.
1:22 of 3rd period - Matt Cullen wins face-off versus Michael Peca in Blackdemons zone.
3:21 of 3rd period - Penalty to Karl Alzner is over, Karl Alzner is back on ice.
3:36 of 3rd period - Snap shot by Blake Geoffrion.
3:36 of 3rd period - Shot Blocked by Trevor Letowski.
3:50 of 3rd period - Karl Alzner is hit by Jeff Tambellini and loses puck.
4:04 of 3rd period - Minor Penalty to Sam Gagner for Hooking.
4:05 of 3rd period - Michael Peca wins face-off versus Jeff Halpern in Blackdemons zone.
4:28 of 3rd period - Icing by Jeff Halpern.
4:29 of 3rd period - Michael Peca wins face-off versus Jeff Halpern in Carnivores zone.
4:30 of 3rd period - Snap shot by Tomas Kopecky.
4:30 of 3rd period - Stopped by Steve Mason without a rebound.
4:31 of 3rd period - Michael Peca wins face-off versus Matt Cullen in Carnivores zone.
6:03 of 3rd period - Jeff Tambellini is hit by Radoslav Suchy and loses puck.
6:04 of 3rd period - Penalty to Sam Gagner is over, Sam Gagner is back on ice.
6:08 of 3rd period - Snap shot by James Neal.
6:08 of 3rd period - Deflect By Janne Niinimaa.
6:08 of 3rd period - Shot Misses the Net.
6:08 of 3rd period - Puck is out of play.
6:09 of 3rd period - Enver Lisin wins face-off versus Manny Malhotra in Carnivores zone.
6:10 of 3rd period - Wrist shot by Zack Hamill.
6:10 of 3rd period - Stopped by Steve Mason without a rebound.
6:11 of 3rd period - Manny Malhotra wins face-off versus Zack Hamill in Carnivores zone.
6:11 of 3rd period - Manny Malhotra is hit by Steve Konowalchuk.
6:59 of 3rd period - Jeff Tambellini is hit by Todd Fedoruk and loses puck.
7:04 of 3rd period - Wrist shot by Todd Fedoruk.
7:04 of 3rd period - Goal by Todd Fedoruk - Blackdemons : 6 - Carnivores : 2.
7:05 of 3rd period - Matt Cullen wins face-off versus Sam Gagner in neutral zone.
7:30 of 3rd period - Janne Niinimaa is hit by Michael Peca and loses puck.
7:35 of 3rd period - Wrist shot by Michael Peca.
7:35 of 3rd period - Shot Hit the Post.
7:37 of 3rd period - Wrist shot by James Neal.
7:37 of 3rd period - Goal by James Neal - Blackdemons : 7 - Carnivores : 2.
7:38 of 3rd period - Michael Peca wins face-off versus Matt Cullen in neutral zone.
8:12 of 3rd period - Snap shot by Brandon Yip.
8:12 of 3rd period - Shot Blocked by Jakub Kindl.
8:22 of 3rd period - Snap shot by Matt Cullen.
8:22 of 3rd period - Shot Misses the Net.
8:24 of 3rd period - Snap shot by Matt Cullen.
8:24 of 3rd period - Stopped by Michal Neuvirth without a rebound.
8:25 of 3rd period - David Van Der Gulik wins face-off versus Zack Hamill in Blackdemons zone.
8:31 of 3rd period - Minor Penalty to Cal O'Reilly for Interference.
8:32 of 3rd period - Matt Cullen wins face-off versus Zack Hamill in Carnivores zone.
9:49 of 3rd period - Slapshot by Josef Melichar.
9:49 of 3rd period - Shot Misses the Net.
10:05 of 3rd period - Manny Malhotra is hit by Karl Alzner and loses puck.
10:31 of 3rd period - Penalty to Cal O'Reilly is over, Cal O'Reilly is back on ice.
10:43 of 3rd period - Cal O'Reilly is hit by Michael Peca and loses puck.
11:06 of 3rd period - Wrist shot by Jeff Halpern.
11:06 of 3rd period - Shot Misses the Net.
11:22 of 3rd period - Trevor Letowski is hit by Keith Aulie and loses puck.
11:23 of 3rd period - Trevor Letowski from Blackdemons is injured at 11:23 of 3rd period (Left Hand).
11:24 of 3rd period - Michael Peca wins face-off versus Richard Park in Blackdemons zone.
11:24 of 3rd period - Michael Peca is hit by Richard Park.
11:29 of 3rd period - Minor Penalty to Janne Niinimaa for Cross-checking.
11:30 of 3rd period - Matt Cullen wins face-off versus Zack Hamill in Carnivores zone.
11:41 of 3rd period - Snap shot by Radoslav Suchy.
11:41 of 3rd period - Shot Misses the Net.
11:43 of 3rd period - Slapshot by Radoslav Suchy.
11:43 of 3rd period - Stopped by Steve Mason without a rebound.
11:44 of 3rd period - Matt Cullen wins face-off versus Zack Hamill in Carnivores zone.
12:09 of 3rd period - Ryan Mcdonagh is hit by Mathieu Biron and loses puck.
12:16 of 3rd period - Wrist shot by Enver Lisin.
12:16 of 3rd period - Stopped by Steve Mason without a rebound.
12:17 of 3rd period - Sam Gagner wins face-off versus Matt Cullen in Carnivores zone.
13:29 of 3rd period - Penalty to Janne Niinimaa is over, Janne Niinimaa is back on ice.
14:09 of 3rd period - Andy Miele is hit by Ladislav Smid and loses puck.
15:10 of 3rd period - Sam Gagner is hit by Brandon Yip and loses puck.
15:21 of 3rd period - Sam Gagner is hit by Keith Aulie and loses puck.
15:34 of 3rd period - Slapshot by Curtis Brown.
15:34 of 3rd period - Shot Misses the Net.
15:57 of 3rd period - Todd Fedoruk is hit by Richard Park and loses puck.
16:28 of 3rd period - Andrew Ference is hit by Karl Alzner and loses puck.
16:39 of 3rd period - Snap shot by Jeff Tambellini.
16:39 of 3rd period - Shot Misses the Net.
16:41 of 3rd period - Wrist shot by Jeff Tambellini.
16:41 of 3rd period - Shot Misses the Net.
17:12 of 3rd period - Icing by Zack Hamill.
17:13 of 3rd period - Maxime Macenauer wins face-off versus Jeff Halpern in Blackdemons zone.
17:13 of 3rd period - Maxime Macenauer is hit by Janne Niinimaa.
17:21 of 3rd period - Snap shot by Todd Fedoruk.
17:21 of 3rd period - Stopped by Steve Mason without a rebound.
17:22 of 3rd period - Matt Cullen wins face-off versus Michael Peca in Carnivores zone.
17:24 of 3rd period - Icing by Richard Park.
17:25 of 3rd period - Curtis Brown wins face-off versus Matt Cullen in Carnivores zone.
17:26 of 3rd period - Wrist shot by Michael Peca.
17:26 of 3rd period - Stopped by Steve Mason without a rebound.
17:27 of 3rd period - Jeff Friesen wins face-off versus Michael Peca in Carnivores zone.
17:36 of 3rd period - Snap shot by Richard Park.
17:36 of 3rd period - Deflect By Matt Cullen.
17:36 of 3rd period - Shot Misses the Net.
17:36 of 3rd period - Puck is out of play.
17:37 of 3rd period - Michael Peca wins face-off versus Matt Cullen in Blackdemons zone.
18:05 of 3rd period - Slapshot by Tomas Kopecky.
18:05 of 3rd period - Stopped by Steve Mason without a rebound.
18:06 of 3rd period - Jeff Halpern wins face-off versus Tomas Kopecky in Carnivores zone.
18:06 of 3rd period - Jeff Halpern is hit by Matt Moulson.
18:14 of 3rd period - Slapshot by Matt Moulson.
18:14 of 3rd period - Shot Blocked by Brandon Yip.
18:26 of 3rd period - Slapshot by Sam Gagner.
18:26 of 3rd period - Stopped by Steve Mason with a rebound.
18:28 of 3rd period - Backhand shot by Jakub Kindl.
18:28 of 3rd period - Shot Misses the Net.
18:30 of 3rd period - Wrist shot by Matt Moulson.
18:30 of 3rd period - Stopped by Steve Mason without a rebound.
18:31 of 3rd period - Michael Peca wins face-off versus Matt Cullen in Carnivores zone.
18:34 of 3rd period - Wrist shot by James Neal.
18:34 of 3rd period - Shot Misses the Net.
Output by the SimonT Hockey Simulator (STHS) for François Prévost -- Original Page W3C XHTML 1.0 Valid